 Dungeon Crawl Stone Soup version 0.16.1-7-g2c6721e (webtiles) character file.

82 wojtek the Cutter (level 4, 0/26 HPs)
             Began as a Kobold Assassin on Mar 29, 2015.
             Killed from afar by Jessica (10 damage)
             ... with a wand of frost
             ... on level 3 of the Dungeon.
             The game lasted 00:02:54 (2621 turns).

wojtek the Cutter (Kobold Assassin)                 Turns: 2621, Time: 00:02:54

Health: 0/26       AC:  5    Str:  9    XL:     4   Next: 70%
Magic:  4/4        EV: 13    Int: 10    God:
Gold:   175        SH:  0    Dex: 17    Spells: 0 memorised, 3 levels left

rFire  . . .     SeeInvis .     a - +2 dagger
rCold  . . .     Clarity  .     u - +0 leather armour (curse)
rNeg   . . .     SustAb   .     (no shield)
rPois  .         Gourm    .     w - +0 helmet
rElec  .         Spirit   .     d - +0 cloak
rCorr  .         Warding  .     (no gloves)
rMut   .         Stasis   .     (no boots)
MR     .....                    (no amulet)
Stlth  +++.......               (no ring)
                                (no ring)

@: not resistant to hostile enchantments, fairly stealthy
A: carnivore 3
a: no special abilities


You were on level 3 of the Dungeon.
You were completely stuffed.

You visited 1 branch of the dungeon, and saw 3 of its levels.

You collected 175 gold pieces.

Inventory:

Hand weapons
 a - a +2 dagger (weapon)
 b - a +0 blowgun
Missiles
 e - 8 poisoned needles
 f - 2 curare-tipped needles
Armour
 d - a +0 cloak (worn)
 u - a cursed +0 leather armour (worn)
 w - a +0 helmet (worn)
Jewellery
 l - an uncursed ring of magical power {unknown}
 t - an uncursed ring of poison resistance {unknown}
Scrolls
 k - 5 scrolls of identify {unknown}
 n - 2 scrolls of remove curse {unknown}
 p - a scroll of amnesia {unknown}
 s - a scroll of immolation {unknown}
 v - a scroll of fear {unknown}
Potions
 h - 2 potions of curing {unknown}
 i - a potion of lignification {unknown}
 j - a potion of restore abilities {unknown}
 o - a potion of degeneration {unknown}
 q - 2 potions of might {unknown}
Comestibles
 g - 2 meat rations
 m - a slice of pizza
 r - 4 chunks of flesh


   Skills:
 - Level 2.1 Fighting
 + Level 6.0 Short Blades
 - Level 2.6 Throwing
 - Level 1.2 Dodging
 - Level 5.3 Stealth


You had 3 spell levels left.
You didn't know any spells.

Dungeon Overview and Level Annotations

Branches:
Dungeon (3/15)

Altars:
Fedhas

Annotations:
D:3 Jessica


Innate Abilities, Weirdness & Mutations

You are small and have problems with some larger weapons.
You are carnivorous and can eat meat at any time.


Message History

Drop what? 23/52 slots (_ for help) (? for menu, Esc to quit)
You drop a +0 robe.
Jessica the Apprentice Sorceress comes into view.
She is wielding a dagger.
Found a ring mail.
Jessica zaps a wand.
The puff of frost hits you!
It is a wand of frost.
Found a sedimented orange potion.
Jessica zaps a wand.
The puff of frost hits you!
You hit Jessica.
Jessica is lightly wounded.
Jessica gestures at you while chanting.
You barely resist. You barely miss Jessica.
Jessica is lightly wounded.
Jessica hits you but does no damage.
You hit Jessica.
Jessica is heavily wounded.
You hit Jessica.
Jessica is almost dead.
Jessica zaps a wand.
The puff of frost hits you!
You die...

##.......# #...#
##........# ###.#
##.........# #.#
##..........# #.#
#...........# #.#
#######.....# ###
######## #.....#
#.....[####.#####
#....@@.....#
#.........###
#!........#
#.###.....# #
#.....# #.....#
#######


You could see Jessica.

Vanquished Creatures
  2 adders (D:2)
  A worm (D:2)
  A ball python (D:2)
  5 bats
  8 goblins
  6 hobgoblins
  6 jackals (D:2)
  7 kobolds
  2 giant cockroaches (D:2)
  3 giant newts
  A quokka (D:2)
  17 rats
59 creatures vanquished.

Notes
Turn   | Place    | Note
--------------------------------------------------------------
     0 | D:1      | wojtek, the Kobold Assassin, began the quest for the Orb.
     0 | D:1      | Reached XP level 1. HP: 12/12 MP: 1/1
    43 | D:1      | Reached XP level 2. HP: 17/17 MP: 2/2
   958 | D:2      | Reached XP level 3. HP: 21/21 MP: 3/3
  1240 | D:2      | Reached skill level 5 in Short Blades
  1322 | D:2      | Reached XP level 4. HP: 26/26 MP: 4/4
  1746 | D:2      | Found a blossoming altar of Fedhas.
  2541 | D:3      | Reached skill level 6 in Short Blades
  2613 | D:3      | Noticed Jessica
  2621 | D:3      | Killed from afar by Jessica

Action                   |  1- 3 |  4- 6 || total
-------------------------+-------+-------++-------
Melee: Dagger            |    72 |    96 ||   168
 Stab: Sleeping          |    14 |     2 ||    16
  Eat: Chunk             |     9 |     5 ||    14
